 Dungeon Crawl Stone Soup version 0.17-a0-2231-gd80ca38 (webtiles) character file.

123 Gingerlord the Sneak (level 5, -8/32 HPs)
             Began as a Kobold Assassin on Nov 2, 2015.
             Killed by nerve-wracking pain
             ... invoked by an orc priest
              (13 damage)
             ... on level 3 of the Dungeon.
             The game lasted 00:08:16 (2502 turns).

Gingerlord the Sneak (Kobold Assassin)              Turns: 2502, Time: 00:08:16

Health: -8/32      AC:  3    Str: 11    XL:     5   Next: 28%
Magic:  5/5        EV: 15    Int:  9    God:
Gold:   97         SH:  4    Dex: 17    Spells: 0 memorised, 4 levels left

rFire  + . .     SeeInvis .     a - +2 dagger
rCold  . . .     Clarity  .     c - +0 robe
rNeg   . . .     SustAt   .     h - +0 buckler
rPois  .         Gourm    .     (no helmet)
rElec  .         Spirit   .     d - +0 cloak
rCorr  .         Warding  .     (no gloves)
rMut   .         Stasis   .     (no boots)
MR     .....                    (no amulet)
Stlth  ++++......               (no ring)
                                p - ring of protection from fire

@: not resistant to hostile enchantments, stealthy
A: carnivore 3
a: no special abilities


You were on level 3 of the Dungeon.
You were not hungry.

You visited 1 branch of the dungeon, and saw 3 of its levels.

You collected 97 gold pieces.

Inventory:

Hand Weapons
 a - a +2 dagger (weapon)
 b - a +0 blowgun
Missiles
 e - 7 poisoned needles
 f - 2 curare-tipped needles
Armour
 c - a +0 robe (worn)
 d - a +0 cloak (worn)
 h - a +0 buckler (worn)
Jewellery
 p - a ring of protection from fire (left hand)
 r - an uncursed ring of wizardry
Scrolls
 n - a scroll of enchant armour {unknown}
 o - a scroll of teleportation {unknown}
Potions
 k - a potion of lignification {unknown}
 q - a potion of might {unknown}
Comestibles
 g - 5 meat rations
 j - a slice of pizza
 l - 3 beef jerkies


   Skills:
 * Level 3.2 Fighting
 * Level 3.6 Short Blades
 + Level 2.9 Throwing
 * Level 2.6 Dodging
 * Level 6.3 Stealth
 + Level 0.0 Shields


You had 4 spell levels left.
You didn't know any spells.

Dungeon Overview and Level Annotations

Branches:
Dungeon (3/15)

Altars:
Ashenzari
Qazlal


Innate Abilities, Weirdness & Mutations

You are small and have problems with some larger weapons.
You are carnivorous and can eat meat at any time.


Message History

The orc priest is lightly wounded.
You completely miss the orc priest.
The orc priest is lightly wounded.
The orc priest barely misses you.
You closely miss the orc priest.
The orc priest is lightly wounded.
The orc priest miscasts a cantrip.
You hit the orc priest but do no damage.
The orc priest is lightly wounded.
The orc priest calls down the wrath of Beogh upon you.
Something smites you!
You hit the orc priest.
The orc priest is moderately wounded.
The orc priest hits you.
* * * LOW HITPOINT WARNING * * *
You hit the orc priest.
The orc priest is heavily wounded.
The orc priest mumbles some strange prayers to Beogh against you.
Pain shoots through your body!
You die...

#.##
#..#..###....# #.#
#..#.......... #.#
#!.##.###....# #.#
###..# # #.#.##
#.#
#....##.###.#.#
#.#
#.#.........#..
#.# #.)...#
.......
#.#####..%#.#
#...%...
#.##.@oo#...#
#.#..###
##.##.##...#.....#
#.†...###.########
##.#..# #.# ###..#
#.# #..# #.# #..#
#.. #..# ### #..#


You could see an orc priest and an orc.

Vanquished Creatures
  An orc priest (D:3)
  A gnoll (D:1)
  3 adders
  2 oozes (D:2)
  A giant gecko (D:1)
  6 orcs (D:3)
  7 bats
  7 goblins
  5 hobgoblins
  3 giant newts
  6 kobolds
  2 rats
44 creatures vanquished.

Notes
Turn   | Place    | Note
--------------------------------------------------------------
     0 | D:1      | Gingerlord the Kobold Assassin began the quest for the Orb.
     0 | D:1      | Reached XP level 1. HP: 12/12 MP: 1/1
   102 | D:1      | Reached XP level 2. HP: 1/18 MP: 2/2
   841 | D:1      | Reached XP level 3. HP: 14/22 MP: 3/3
  1609 | D:2      | Reached XP level 4. HP: 14/27 MP: 4/4
  1878 | D:2      | Found a shattered altar of Ashenzari.
  1879 | D:2      | Found a stormy altar of Qazlal.
  1925 | D:2      | Reached skill level 6 in Stealth
  2191 | D:3      | Reached XP level 5. HP: 12/32 MP: 5/5
  2502 | D:3      | Killed from afar by an orc priest

Vault maps used:
D:1:      minmay_arrival_glassed_features, minmay_misc_feat_enclosed,
          minmay_distorted
D:2:      minitemple
D:3:      first_bread

Action                   |  1- 3 |  4- 6 || total
-------------------------+-------+-------++-------
Melee: Dagger            |    86 |    86 ||   172
 Fire: Blowgun           |     2 |     5 ||     7
  Use: Potion            |       |     3 ||     3
       Scroll            |       |     2 ||     2
 Stab: Sleeping          |     6 |     3 ||     9
       Distracted        |       |     1 ||     1
  Eat: Chunk             |     6 |     1 ||     7
